 Dungeon Crawl Stone Soup version 0.30.1-9-gdf580d7c3d (webtiles) character file.

Game seed: 6156250198384014622

65 Chiseanne the Shield-Bearer (level 3, -1/27 HPs)
             Began as a Demonspawn Wanderer on Oct 16, 2023.
             Killed by nerve-wracking pain
             ... invoked by an orc priest
              (4 damage)
             ... on level 3 of the Dungeon.
             The game lasted 00:02:50 (2645 turns).

Chiseanne the Shield-Bearer (Demonspawn Wanderer)   Turns: 2645, Time: 00:02:51

Health: -1/27      AC:  3    Str: 13    XL:     3   Next: 94%
Magic:  3/3        EV: 11    Int: 11    God:
Gold:   81         SH:  7    Dex: 15    Spells: 2/2 levels left

rFire   . . .        t - +1 hand axe (freeze)
rCold   . . .        b - +2 buckler
rNeg    . . .        f - +0 leather armour
rPois   .            (no helmet)
rElec   .            (no cloak)
rCorr   .            (no gloves)
SInv    .            (no boots)
Will    .....        (no amulet)
Stlth   +            (no ring)
HPRegen 0.24/turn    (no ring)
MPRegen 0.16/turn

%: no passive effects
@: brilliant, flying
A: hooves 1, magic regeneration
a: no special abilities


You were on level 3 of the Dungeon.
You visited 1 branch of the dungeon, and saw 3 of its levels.

You collected 81 gold pieces.

Inventory:

Hand Weapons
 t - a +1 hand axe of freezing (weapon)
Missiles
 c - 13 poisoned darts (quivered)
 g - 13 stones
 j - 6 curare-tipped darts
 k - 7 boomerangs
 n - 6 atropa-tipped darts
 r - 2 javelins
Armour
 b - a +2 buckler (worn)
 f - a +0 leather armour (worn)
Jewellery
 o - a ring of magical power
Scrolls
 a - a scroll of amnesia
 e - 3 scrolls of teleportation
 h - a scroll of fear
Potions
 l - a potion of brilliance
 s - a potion of curing {unknown}


   Skills:
 * Level 2.2 Fighting
 - Level 1.7 Polearms
 - Level 1.7 Throwing
 - Level 1.0 Armour
 * Level 1.6 Dodging
 * Level 4.1 Shields


You had 2 spell levels left.
You didn't know any spells.
Your spell library contained the following spells:

 Spells                   Type           Power      Damage    Failure   Level
 Kiss of Death            Conj/Necr      0%         2d5       52%         1
 Confusing Touch          Hex            0%         N/A       88%         3
 Dispel Undead            Necr           0%         3d6       99%         4
 Conjure Ball Lightning   Conj/Air       0%         3x3d6     100%        6
 Discord                  Hex            0%         N/A       100%        8
 Disjunction              Tloc           0%         N/A       100%        8


Dungeon Overview and Level Annotations

Branches:
Dungeon (3/15)

Altars:

Annotations:
D:3 1 transporter


Innate Abilities, Weirdness & Mutations

You have large cloven feet.
You regenerate magic rapidly.


Message History

You are too injured to fight recklessly!
You are too injured to fight recklessly!
You are too injured to fight recklessly!
You are too injured to fight recklessly!
You are too injured to fight recklessly!
You are too injured to fight recklessly!
You hit the orc priest. You freeze the orc priest.
The orc priest is severely wounded.
The orc priest barely misses you.
You barely miss the orc. The orc closely misses you.
You hit the orc. You freeze the orc.
The orc is almost dead.
You block the orc's attack.
You hit the orc. You freeze the orc.
You kill the orc!
You barely miss the orc priest.
You kick the orc priest, but do no damage.
The orc priest is heavily wounded.
The orc priest hits you but does no damage.
You barely miss the orc priest.
The orc priest is heavily wounded.
The orc priest hits you with a +0 club. x2
* * * LOW HITPOINT WARNING * * *
You closely miss the orc priest.
The orc priest is heavily wounded.
The orc priest misses you.
You hit the orc priest but do no damage.
Your kick misses the orc priest.
The orc priest is heavily wounded.
The orc priest hits you with a +0 club.
* * * LOW HITPOINT WARNING * * *
It was a potion of brilliance.
You feel clever all of a sudden. The orc priest closely misses you.
It was a potion of flight.
You feel very buoyant.
You fly up into the air.
The orc priest calls down the wrath of Beogh upon you.
Pain shoots through your body!
You die...

....##......##.#
.....#......#.#
#........#.#
#########.####<#.#
........#...<#.#.#
#######.#....#.#.#
..5#P8#.#....#.#.#
≈≈≈#.P#.#....# #.#
~..#..#......# #@#
~..+/©#©.....# #o#
P..#..#......# #{#
≈≈≈#.P#.#....# #o#
..5#P8#.#.##.# #.#
#######.#.##.# #.#
........#....# #.#
############# #.#


You could see an orc priest and an orc.

Vanquished Creatures
  2 adders (D:2)
  2 dart slugs (D:2)
  An orc (D:3)
  3 ball pythons
  5 endoplasms
  A giant cockroach (D:1)
  2 goblins
  6 hobgoblins
  7 jackals (D:1)
  A quokka (D:2)
  3 frilled lizards (D:1)
  2 kobolds (D:1)
  2 rats
37 creatures vanquished.

Notes
Turn   | Place    | Note
-------+----------+-------------------------------------------
     0 | D:1      | Chiseanne the Demonspawn Wanderer began the quest for the
                  | Orb.
     0 | D:1      | Chiseanne set off with the following items: a +0 spear, a
                  | +2 buckler, 8 poisoned darts, a +0 dagger, a scroll of
                  | teleportation, a +0 leather armour.
     0 | D:1      | Reached XP level 1. HP: 15/15 MP: 1/1
   243 | D:1      | Gained mutation: You regenerate magic rapidly. [demonic
                  | ancestry]
   243 | D:1      | Reached XP level 2. HP: 19/21 MP: 2/2
   334 | D:1      | HP: 1/21 [kobold/+2 dagger of freezing (1)]
   548 | D:1      | Found a faded altar of an unknown god.
   730 | D:1      | Reached skill level 1 in Dodging
  1191 | D:1      | Gained mutation: You have large cloven feet. [demonic
                  | ancestry]
  1191 | D:1      | Reached XP level 3. HP: 27/27 MP: 3/3
  1316 | D:2      | Reached skill level 4 in Shields
  2587 | D:3      | Found a transporter.
  2645 | D:3      | Killed from afar by an orc priest

Illustrated notes

Levels and vault maps discovered:
D:1:      co_arrival_hexagon_in_a_hexagon, layout_loops_corners,
          shapermc_ecumenical_altar_ellora
D:2:      layout_basic
D:3:      gammafunk_wand_slinger, layout_basic, mainiacjoe_overflow_alcove_2,
          mainiacjoe_overflow_six_doors_small, grunt_decor_fettered,
          nicolae_kite_square_tiling_tiny

Skill      XL: |  1  2  3 |
---------------+----------+-----
Dodging        | 1 |  1.6
Shields        | 4 |  4.1
Fighting       | 2 |  2.2
Polearms       | |  1.7
Throwing       | |  1.7
Armour         | |  1.0

Action                     || total
---------------------------++-------
  Melee: Spear             ||   184
         Kick              ||    13
         Hand axe          ||    11
    Use: Potion            ||     3
         Scroll            ||     5
   Stab: Sleeping          ||     1
 Armour: Leather armour    ||    37
         Skin              ||     4
  Dodge: Dodged            ||    82
  Block: Buckler           ||    43
